 Dungeon Crawl Stone Soup version 0.20.1-1-g8b1a95d (webtiles) character file.

1836 Zedayar the Grappler (level 8, -13/79 HPs)
             Began as a Troll Berserker on Sept 4, 2017.
             Was an Elder of Trog.
             Mangled by a two-headed ogre
             ... wielding a +0 giant club
              (19 damage)
             ... on level 8 of the Dungeon.
             The game lasted 00:17:37 (5069 turns).

Zedayar the Grappler (Troll Berserker)              Turns: 5069, Time: 00:17:38

Health: -13/79     AC:  8    Str: 28    XL:     8   Next: 87%
Magic:  7/7        EV: 12    Int:  3    God:    Trog [****..]
Gold:   315        SH:  0    Dex:  9    Spells: 7/7 levels left

rFire    . . .     SeeInvis +     - Unarmed
rCold    . . .     Gourm    +   (no shield)
rNeg     . . .     Faith    .   l - +0 robe
rPois    .         Spirit   .   (helmet restricted)
rElec    .         Reflect  +   (no cloak)
rCorr    .         Harm     .   (gloves unavailable)
MR       .....                  (boots unavailable)
Stlth    +.........             h - +6 amulet of reflection
Regen    0.7/turn               o - +3 ring of protection
MPRegen  0.1/turn               C - ring of see invisible

@: confused, lethally poisoned (-13 -> -18)
A: unfitting armour, claws 3, fast metabolism 3, gourmand, regeneration 1,
shaggy fur 1, tough skin 2
a: Berserk, Trog's Hand, Brothers in Arms, Burn Spellbooks, Renounce Religion


You were on level 8 of the Dungeon.
You worshipped Trog.
Trog was greatly pleased with you.
You were hungry.

You visited 1 branch of the dungeon, and saw 8 of its levels.

You collected 315 gold pieces.

Inventory:

Armour
 a - a +0 animal skin
 l - a +0 robe (worn)
Jewellery
 h - a +6 amulet of reflection (around neck)
 o - a +3 ring of protection (left claw)
 C - a ring of see invisible (right claw)
Wands
 w - a wand of disintegration (24/24)
 G - a wand of paralysis (14/24)
Scrolls
 d - 4 scrolls of teleportation
 g - 5 scrolls of remove curse
 m - 3 scrolls of identify
 p - a scroll of random uselessness
 r - a scroll of noise {unknown}
 s - 4 scrolls of immolation
 y - a scroll of recharging
 B - a scroll of blinking
 E - a scroll of enchant weapon {unknown}
Potions
 c - 2 potions of degeneration {unknown}
 e - 2 potions of flight {unknown}
 i - a potion of lignification
 k - a potion of brilliance {unknown}
 n - 3 potions of heal wounds {unknown}
 q - 2 potions of berserk rage
 u - a potion of might {unknown}
 v - 2 potions of cancellation {unknown}
 x - a potion of ambrosia {unknown}
 z - a potion of invisibility {unknown}
 A - a potion of resistance {unknown}
 D - a potion of haste {unknown}
Books
 F - a book of Cantrips

   Spells                             Type                      Level
   a - Confusing Touch                Hexes                        1
   b - Animate Skeleton               Necromancy                   1
   c - Summon Small Mammal            Summoning                    1
   d - Apportation                    Translocation                1
   Trog disapproves of the use of such an item.
Comestibles
 b - 7 bread rations
 f - 4 meat rations
 j - 4 fruits
 t - 3 royal jellies


   Skills:
 + Level 4.4 Fighting
 + Level 5.8 Dodging
 - Level 0.1 Stealth
 + Level 9.0 Unarmed Combat


You had 7 spell levels left.
You didn't know any spells.

Dungeon Overview and Level Annotations

Branches:
Dungeon (8/15)             Temple (0/1) D:4
   Lair: D:8-11

Altars:
Gozag
Okawaru
Qazlal

Annotations:
D:8 NorthaanB's ghost, novice SpEn


Innate Abilities, Weirdness & Mutations

You are too large for most types of armour.
You have claws for hands.
Your metabolism is lightning-fast.
You like to eat raw meat.
Your natural rate of healing is unusually fast.
You are covered in fur. (AC +1)
You have very tough skin. (AC +2)


Message History

* * * LOW HITPOINT WARNING * * *
You feel sick.
The bullfrog skeleton barely misses you.
NorthaanB's ghost gestures at you while chanting.
You are more confused.
The bullfrog skeleton barely misses you.
You mangle the jelly!!
You kill the jelly!
Trog accepts your kill.
* * * LOW HITPOINT WARNING * * *
You feel sick.
The bullfrog skeleton closely misses you.
* * * LOW HITPOINT WARNING * * *
You feel sick.
NorthaanB's ghost hits you but does no damage.
You closely miss NorthaanB's ghost.
* * * LOW HITPOINT WARNING * * *
You feel sick.
The two-headed ogre hits you with a giant club!!
You die...

..........?.#
#.........###
#.....$......
#.........#
#.........#
#.........#
#......Z..####
#.....OW.....#
#......@.....#
####.###.....#
#.# ...$.#
######### #.#
.....# #.......#
#.# .....#
#.......# #.#
###### #.......#
#.#
#.......####.#
#............####


You could see a two-headed ogre, NorthaanB's ghost and a bullfrog skeleton.

Vanquished Creatures
  Grinder (D:4)
  Sigmund (D:2)
  A water moccasin (D:5)
  2 ogres
  A centaur (D:6)
  A bullfrog (D:6)
  A scorpion (D:5)
  A howler monkey (D:5)
  3 crimson imps
  A centaur zombie (D:6)
  3 jellies
  An orc priest (D:3)
  3 orc wizards
  A hound (D:7)
  A bullfrog skeleton (D:5)
  Jessica (D:2)
  Ijyb (D:4)
  An iguana (D:5)
  7 worker ants
  A worker ant zombie (D:7)
  Robin (D:4)
  8 gnolls
  9 adders
  A shadow imp (D:6)
  An adder zombie (D:8)
  7 worms
  A dart slug (D:1)
  4 leopard geckos
  14 orcs
  6 bats
  6 giant cockroaches
  12 goblins
  5 hobgoblins
  6 jackals
  8 kobolds
  5 quokkas
  2 ball pythons
  4 frilled lizards
  A leopard gecko skeleton (D:6)
  A quokka skeleton (D:5)
  5 rats
140 creatures vanquished.

Notes
Turn   | Place    | Note
-------+----------+-------------------------------------------
     0 | D:1      | Zedayar the Troll Berserker began the quest for the Orb.
     0 | D:1      | Reached XP level 1. HP: 22/22 MP: 0/0
   256 | D:1      | Reached XP level 2. HP: 29/29 MP: 1/1
   870 | D:2      | Noticed Jessica
   874 | D:2      | Killed Jessica
   874 | D:2      | Reached XP level 3. HP: 35/36 MP: 2/2
   914 | D:2      | Reached ** piety under Trog
   981 | D:2      | Reached XP level 4. HP: 36/45 MP: 3/3
  1071 | D:2      | Reached skill level 4 in Unarmed Combat
  1414 | D:2      | Noticed Sigmund
  1423 | D:2      | Killed Sigmund
  1423 | D:2      | Reached skill level 5 in Unarmed Combat
  1423 | D:2      | Reached XP level 5. HP: 46/53 MP: 4/4
  1638 | D:2      | Reached XP level 6. HP: 56/61 MP: 5/5
  1890 | D:3      | Reached *** piety under Trog
  2504 | D:4      | Noticed Ijyb
  2505 | D:4      | Noticed Robin
  2516 | D:4      | Killed Ijyb
  2549 | D:4      | Killed Robin
  2667 | D:4      | Noticed Grinder
  2668 | D:4      | Paralysed by Grinder for 6 turns
  2700 | D:4      | Killed Grinder
  2700 | D:4      | Reached skill level 6 in Unarmed Combat
  2700 | D:4      | Reached XP level 7. HP: 65/67 MP: 6/6
  2786 | D:4      | Found an iron altar of Okawaru.
  2861 | D:4      | Found an opulent altar of Gozag.
  2863 | D:4      | Found a stormy altar of Qazlal.
  2973 | D:4      | Found a staircase to the Ecumenical Temple.
  3219 | D:5      | Entered Level 5 of the Dungeon
  3344 | D:5      | Reached skill level 7 in Unarmed Combat
  3364 | D:5      | Reached **** piety under Trog
  3458 | D:5      | Reached skill level 5 in Dodging
  3462 | D:5      | Reached XP level 8. HP: 44/78 MP: 7/7
  3757 | D:6      | Reached skill level 8 in Unarmed Combat
  5046 | D:8      | Reached skill level 9 in Unarmed Combat
  5050 | D:8      | Noticed NorthaanB's ghost (novice SpEn)
  5054 | D:8      | Noticed a two-headed ogre
  5069 | D:8      | Mangled by a two-headed ogre

Skill      XL: |  1  2  3  4  5  6  7  8 |
---------------+-------------------------+-----
Fighting       | 3 4 |  4.4
Unarmed Combat | 5 6 7 9 |  9.0
Dodging        | 3 4 5 |  5.8
Stealth        | |  0.1

Action                   |  1- 3 |  4- 6 |  7- 9 || total
-------------------------+-------+-------+-------++-------
Melee: Unarmed           |    64 |   167 |   197 ||   428
       Punch             |     1 |     4 |     6 ||    11
Invok: Burn Spellbooks   |       |     1 |       ||     1
       Berserk           |       |       |     1 ||     1
  Use: Scroll            |       |       |     8 ||     8
       Potion            |       |       |     2 ||     2
 Stab: Sleeping          |     1 |       |       ||     1
  Eat: Chunk             |     6 |    24 |    14 ||    44
Armor: Animal skin       |    32 |    16 |       ||    48
       Robe              |       |    55 |    61 ||   116
Dodge: Dodged            |    39 |   106 |   100 ||   245
Block: Other             |       |    36 |    61 ||    97
